[Event "*** Titled Tuesday 3|2 Blitz"]
[Site "Chess.com"]
[Date "2015.12.01"]
[Round "4"]
[White "Tirantes"]
[Black "ItalianMachine"]
[Result "1-0"]
[WhiteElo "2244"]
[BlackElo "2219"]
[TimeControl "180+2"]
[EndTime "17:47:20 PST"]
[Termination "Tirantes won by resignation"]

1. c4 e5 2. Nc3 Nf6 3. Nf3 Nc6 4. g3 Be7 5. Bg2 O-O 6. O-O d6 7. d4 exd4 8. Nxd4 Bd7 9. b3 Re8 10. Bb2 Bf8 11. Rc1 Rb8 12. e3 Ne5 13. h3 c6 14.
f4 Ng6 15. e4 a6 16. g4 h6 17.
Qd3 b5 18. Nce2 Qb6 19. cxb5 axb5 20. Kh2 c5 21. Nf5 Bxf5 22. gxf5 Nh4 23. Bh1 Rbd8 24. Bxf6 gxf6 25. Qg3+ Kh7 26. Rg1 1-0

[Event "*** Titled Tuesday 3|2 Blitz"]
[Site "Chess.com"]
[Date "2015.12.01"]
[Round "4"]
[White "UltimateCrusher2"]
[Black "IM_Chessbrain"]
[Result "1-0"]
[WhiteElo "2024"]
[BlackElo "2151"]
[TimeControl "180+2"]
[EndTime "17:47:25 PST"]
[Termination "UltimateCrusher2 won by resignation"]

1. e4 c5 2. Nf3 Nc6 3. d4 cxd4 4. Nxd4 g6 5. c4 Bg7 6. Be3 d6 7. Nc3 Nf6 8. Be2 O-O 9. O-O Bd7 10. f3 Nxd4 11.
Bxd4 a5 12. Be3 Bc6 13. Qd2 Nd7 14. b3 Nc5 15. Rab1 e6 16. Rfd1 Be5 17. g3 Qe7 18.
Nb5 Bxb5 19. cxb5 h5 20. f4 Bg7 21. Bf3 Rfd8 22. Qf2 Rdc8 23. Rbc1 Kh7 24. e5 b6 25.
Bxa8 Rxa8 26. exd6 Qd7 27. Bxc5 bxc5 28. Rxc5 a4 29. Rc7 Qd8 30. Rxf7 axb3 31. axb3 Kg8 32. Rc7 Rb8 33. Qc2 Rxb5 1-0

[Event "*** Titled Tuesday 3|2 Blitz"]
[Site "Chess.com"]
[Date "2015.12.01"]
[Round "4"]
[White "Fandorine"]
[Black "Viaje"]
[Result "1-0"]
[WhiteElo "2525"]
[BlackElo "2189"]
[TimeControl "180+2"]
[EndTime "17:48:04 PST"]
[Termination "Fandorine won by resignation"]

1. e4 c5 2. b3 g6 3. Bb2 Nf6 4. h4 Bg7 5. e5 Nd5 6. h5 Nc6 7. Qf3 e6 8. Qe4 d6 9. Bb5 dxe5 10. Bxc6+ bxc6 11. Bxe5 f6 12. Bc3 Kf7 13. Nf3 Ba6 14. h6 Nxc3 15. Nxc3 Bf8 16. Qxc6 Qc8 17. Qxc8 Rxc8 18.
a4 Rg8 19. Nb5 c4 20. Nxa7 Rc5 21. b4 Rc7 22. b5 Rxa7 23. bxa6 Rxa6 24. c3 Bc5 25. Rh4 Bf8 26. Rxc4 Bxh6 27. Rc7+ Kf8 28.
Rb1 Ra8 29. Rxh7 Bg7 30. Rh4 g5 31. Rhb4 Kf7 32. Nd4 f5 33. Rb7+ Kf6 34. R1b6 Rge8 35. Kd1 Rxa4 36. Nxe6 Rxe6 37. Rxe6+ Kxe6 38. Rxg7 Rg4 39.
g3 f4 40. gxf4 Rxf4 41. Rxg5 Rxf2 42. Kc2 Kd6 43. Rg4 1-0

[Event "*** Titled Tuesday 3|2 Blitz"]
[Site "Chess.com"]
[Date "2015.12.01"]
[Round "4"]
[White "StellarChessPro"]
[Black "alex_zapata"]
[Result "1/2-1/2"]
[WhiteElo "2250"]
[BlackElo "2161"]
[TimeControl "180+2"]
[EndTime "17:48:06 PST"]
[Termination "Game drawn by repetition"]

1. d4 d5 2. Nf3 Nf6 3. e3 c5 4.
c4 cxd4 5. Qxd4 Nc6 6. Qd1 e6 7. Nc3 Bb4 8. Bd2 O-O 9. Be2 dxc4 10. Bxc4 a6 11. O-O b5 12. Be2 Bb7 13. Rc1 Rc8 14. a3 Bd6 15. Re1 Qe7 16. e4 Rfd8 17. Qb3 Ne5 18. Bg5 h6 19. Bh4 Ng6 20. Bg3 Bxg3 21. hxg3 Nxe4 22. Nxe4 Bxe4 23. a4 Bd5 24. Qe3 bxa4 25. Bxa6 Rxc1 26. Rxc1 Bb3 27. Qb6 Qd6 28. Qa7 Bd5 29. Bb5 Bxf3 30. gxf3 Ne5 31. Be2 Qd2 32. Rd1 Qxe2 33. Rxd8+ Kh7 34. Qe3 Nxf3+ 35. Kg2 Ne1+ 36. Kg1 Nf3+ 37. Kg2 Ne1+ 38. Kg1 Nf3+ 39. Kg2 Ne1+ 40. Kg1 Nf3+ 41. Kg2 Ne1+ 42. Kg1 Nf3+ 1/2-1/2

[Event "*** Titled Tuesday 3|2 Blitz"]
[Site "Chess.com"]
[Date "2015.12.01"]
[Round "4"]
[White "1stSecond"]
[Black "MattyDPerrine"]
[Result "1-0"]
[WhiteElo "2476"]
[BlackElo "2263"]
[TimeControl "180+2"]
[EndTime "17:48:08 PST"]
[Termination "1stSecond won by resignation"]

1. d4 Nf6 2. c4 c5 3. d5 e6 4.
Nc3 exd5 5. cxd5 d6 6. Nf3 a6 7. a4 g6 8. Nd2 Bg7 9. e4 O-O 10. Be2 Nbd7 11. O-O Re8 12. h3 Qc7 13. Re1 g5 14.
Bf1 Rb8 15. Nc4 h6 16. Qc2 Nb6 17. Ne3 Bd7 18. Bd2 Nc8 19. Nf5 Bxf5 20. exf5 Ne7 21. Bc4 Qc8 22. g4 Nd7 23. Ne4 Qc7 24. Bc3 Bxc3 25. Qxc3 b5 26. axb5 axb5 27. Nf6+ Nxf6 28. Qxf6 bxc4 29. Qxh6 Nxd5 30. Qxg5+ Kf8 31. f6 Re5 32. Qg7+ Ke8 33. Rxe5+ dxe5 34. Ra7 Qxa7 35. Qg8+ Kd7 36. Qxf7+ Kc6 37. Qxa7 Rxb2 38. f7 Nf4 39. Qa8+ Kd7 40.
f8=Q 1-0

[Event "*** Titled Tuesday 3|2 Blitz"]
[Site "Chess.com"]
[Date "2015.12.01"]
[Round "4"]
[White "ArnaudovP"]
[Black "Hikaru"]
[Result "0-1"]
[WhiteElo "2320"]
[BlackElo "2903"]
[TimeControl "180+2"]
[EndTime "17:48:36 PST"]
[Termination "Hikaru won by checkmate"]

1. Nf3 g6 2. d4 f5 3. g3 Bg7 4.
Bg2 Nf6 5. O-O O-O 6. Nbd2 d6 7. Re1 Ne4 8. Nxe4 fxe4 9. Ng5 d5 10. f3 h6 11. Nh3 Nc6 12. c3 e5 13. fxe4 dxe4 14. e3 Bf5 15. Nf2 Qe7 16. Qb3+ Kh7 17. Qxb7 Qf6 18.
Rf1 Rab8 19. Qa6 exd4 20. Nxe4 Qe6 21. Nc5 Qe7 22. Qxc6 dxc3 23. bxc3 Bxc3 24. Nb3 Bxa1 25. Nxa1 Rb1 26. Nb3 a5 27. Qa4 Be6 28. Qd4 Bxb3 29.
Rxf8 Qxf8 30. Qc3 Qg7 31. Qc5 Bxa2 32. Be4 Ra1 33. Kg2 Qf7 34. Bd3 Be6 35. Bb2 Bd5+ 36. e4 Bxe4+ 37. Bxe4 Qf1# 0-1

[Event "*** Titled Tuesday 3|2 Blitz"]
[Site "Chess.com"]
[Date "2015.12.01"]
[Round "4"]
[White "DanielNaroditsky"]
[Black "Yaacovn"]
[Result "1-0"]
[WhiteElo "2561"]
[BlackElo "2625"]
[TimeControl "180+2"]
[EndTime "17:48:38 PST"]
[Termination "DanielNaroditsky won by resignation"]

1. d4 Nf6 2. c4 e5 3. dxe5 Ne4 4. a3 d6 5. Nf3 Bf5 6. Nbd2 Nc6 7. Nxe4 Bxe4 8. Ng5 Bf5 9. e4 Bd7 10. exd6 Bxd6 11. Be2 Qe7 12. Be3 O-O-O 13. Qc2 Rhe8 14. c5 Be5 15. O-O-O h6 16. Nf3 Bf6 17. Bc4 Bg4 18. h3 Bxf3 19. gxf3 Kb8 20. Bd5 g5 21. Qb3 Na5 22. Qb4 c6 23. Qxa5 cxd5 24. exd5 Qe5 25. Qb5 a6 26. Qb3 Ka8 27. Kb1 Qf5+ 28. Ka2 Qxf3 29.
c6 bxc6 30. Qb6 Rxe3 31. Qxa6+ Kb8 32. Qb6+ Ka8 33. Qxc6+ Kb8 34. Qb6+ Ka8 35. fxe3 Qe4 36. Qa6+ Kb8 37. Qb6+ Ka8 38. Qxf6 1-0

[Event "*** Titled Tuesday 3|2 Blitz"]
[Site "Chess.com"]
[Date "2015.12.01"]
[Round "4"]
[White "Dlugy"]
[Black "Alliswell998"]
[Result "1-0"]
[WhiteElo "2519"]
[BlackElo "2139"]
[TimeControl "180+2"]
[EndTime "17:48:45 PST"]
[Termination "Dlugy won by resignation"]

1. d4 Nf6 2. Bf4 c5 3. d5 b5 4. a4 b4 5. c4 d6 6. Nd2 g6 7. e4 Bg7 8. Qc2 Nbd7 9. Ngf3 O-O 10.
Be2 a5 11. O-O Qc7 12. h3 Ra7 13. Rad1 Re8 14. Rfe1 Ne5 15. Nxe5 dxe5 16. Bh2 Rd8 17. Nb3 Ne8 18. Nc1 Nd6 19. Bf1 f5 20. exf5 gxf5 21. Bxe5 Bxe5 22. Rxe5 Ne4 23. Nd3 Qd6 24. f3 Ng3 25.
Rde1 Rf8 26. Qf2 Qg6 27. Nf4 Qg7 28. Qxc5 Rb7 29. b3 Ne4 30. R5xe4 fxe4 31. Rxe4 Bf5 32. Re3 Bc8 33. Re4 Bf5 34. Re1 Bc8 35. Qe3 Kh8 36. c5 Rc7 37. c6 e5 38. Nd3 Bxh3 39. Qxe5 Bf5 40. Qxg7+ Kxg7 41. Ne5 Re8 42. Kf2 Bc2 43. Bc4 Rce7 44. f4 Rd8 45. Re2 Bd1 46. Rd2 Bh5 47.
d6 Ra7 48. Ke3 Be8 49. c7 Rc8 50. Be6 Rcxc7 51. dxc7 Rxc7 52. Bc4 1-0

[Event "*** Titled Tuesday 3|2 Blitz"]
[Site "Chess.com"]
[Date "2015.12.01"]
[Round "4"]
[White "Gevorg_Harutjunyan"]
[Black "HustleStandard"]
[Result "0-1"]
[WhiteElo "2509"]
[BlackElo "2375"]
[TimeControl "180+2"]
[EndTime "17:49:10 PST"]
[Termination "HustleStandard won on time"]

1. e4 e5 2. Nf3 Nc6 3. Be2 g6 4.
O-O Bg7 5. c3 Nf6 6. d4 exd4 7. e5 Nd5 8. cxd4 d6 9. Bg5 Nce7 10.
Nc3 Nxc3 11. bxc3 O-O 12. Re1 h6 13. Bh4 g5 14. Bg3 Nf5 15. Bd3 Nxg3 16. hxg3 Bg4 17. exd6 Qxd6 18. Bc2 Rfe8 19. Qd3 Kf8 20. Rab1 b6 21.
Re4 Bh5 22. Rbe1 Bg6 23. Rxe8+ Rxe8 24. Rxe8+ Kxe8 25. Qb5+ c6 26. Qb1 Bxc2 27. Qxc2 Qe6 28. Kh2 Kf8 29. a4 b5 30. axb5 cxb5 31. Qd3 Qd5 32.
Nd2 a5 33. f3 a4 34. Nb1 Bf6 35. Na3 b4 36. cxb4 Qxd4 37. Qa6 Be5 38. Nc4 Qh4+ 39. Kg1 Bxg3 0-1

[Event "*** Titled Tuesday 3|2 Blitz"]
[Site "Chess.com"]
[Date "2015.12.01"]
[Round "4"]
[White "ethylalcohol"]
[Black "Po6Don"]
[Result "0-1"]
[WhiteElo "1899"]
[BlackElo "2025"]
[TimeControl "180+2"]
[EndTime "17:49:11 PST"]
[Termination "Po6Don won by resignation"]

1. e4 e5 2. Nf3 Nc6 3. Bc4 Nf6 4. d3 d5 5. exd5 Nxd5 6. O-O Bg4 7. c3 Nb6 8. Bb5 Bd6 9. h3 Bh5 10. Nbd2 O-O 11.
Ne4 f5 12. Ng3 Bxf3 13. Qxf3 e4 14. Qh5 g6 15. Qh6 exd3 16. Be3 f4 17. Bxb6 axb6 18. Bc4+ Kh8 19. Ne4 Ne5 20. Ng5 Qd7 21. Be6 Qg7 22. Qh4 Be7 23. Qg4 h5 24. Qh4 Qf6 25. g4 Qxg5 26. Qxg5 Bxg5 27. Bd5 hxg4 28. hxg4 f3 29. Rad1 Kg7 30. Bxb7 Rad8 31. Be4 Bf4 32. Rfe1 Rh8 33. Bc6 Bh2+ 34. Kf1 d2 35. Re3 Bf4 36. Kg1 Bxe3 37. fxe3 Nxg4 38. Bxf3 Nxe3 39. Kf2 Nxd1+ 40. Bxd1 Rh1 41.
Ke2 Re1+ 42. Kf2 Rxd1 0-1

[Event "*** Titled Tuesday 3|2 Blitz"]
[Site "Chess.com"]
[Date "2015.12.01"]
[Round "4"]
[White "Carolina-moon"]
[Black "Assasin14"]
[Result "0-1"]
[WhiteElo "2034"]
[BlackElo "1903"]
[TimeControl "180+2"]
[EndTime "17:49:19 PST"]
[Termination "Assasin14 won by checkmate"]

1. e4 c5 2. Nc3 Nc6 3. Bb5 Nd4 4.
Bc4 g6 5. Nge2 Bg7 6. Nxd4 cxd4 7. Qf3 Nh6 8. Ne2 O-O 9. d3 Ng4 10. Bb3 Ne5 11. Qg3 Nc6 12. O-O d6 13. a3 Be6 14.
Bxe6 fxe6 15. Nf4 Qc8 16. Qh3 e5 17. Qxc8 Raxc8 18. Ne6 Rf6 19. Nxg7 Kxg7 20. c4 dxc3 21. bxc3 b5 22. Bd2 Na5 23. Rab1 Rc5 24. Rfc1 a6 25. Be3 Rc6 26. Kf1 Rf8 27. Ke2 Rfc8 28. Kd2 e6 29. h4 d5 30. g4 Kf7 31. Rb2 R6c7 32. exd5 exd5 33. Rbc2 Nb3+ 34. Ke2 Nxc1+ 35. Rxc1 Rxc3 36.
Rd1 Rxa3 37. h5 Ra2+ 38. Kf3 Kg7 39. d4 Rf8+ 40. Kg3 e4 41. Bf4 Ra3+ 42. Be3 Rf3+ 43. Kg2 Rfxe3 44. fxe3 Rxe3 45. hxg6 Kxg6 46. Rc1 Rd3 47.
Rc7 Kg5 48. Ra7 Kxg4 49. Rxa6 Rxd4 50. Rh6 b4 51. Rxh7 b3 52. Rb7 Rd2+ 53. Kf1 b2 54.
Ke1 Rh2 55. Rg7+ Kf3 56. Rb7 b1=Q+ 57. Rxb1 Rh1+ 58. Kd2 Rxb1 59. Kc2 e3 60. Kxb1 e2 61. Kc2 e1=Q 62. Kd3 Qe2+ 63. Kc3 Qc4+ 64. Kd2 d4 65. Ke1 Qe2# 0-1

[Event "*** Titled Tuesday 3|2 Blitz"]
[Site "Chess.com"]
[Date "2015.12.01"]
[Round "4"]
[White "yopino"]
[Black "Colombiano07"]
[Result "1-0"]
[WhiteElo "2231"]
[BlackElo "2110"]
[TimeControl "180+2"]
[EndTime "17:49:25 PST"]
[Termination "yopino won by resignation"]

1. e4 g6 2. d4 Bg7 3. Nc3 c5 4. dxc5 Bxc3+ 5. bxc3 Qa5 6. Qd4 Nf6 7. Qb4 Nc6 8. Qxa5 Nxa5 9. Bd3 O-O 10. h3 b6 11. cxb6 axb6 12. Be3 Bb7 13. f3 Rfb8 14. Ne2 d5 15. e5 Nd7 16. f4 e6 17.
Kf2 Ba6 18. Rhb1 Nc4 19. Bd4 Kf8 20. a4 Ke8 21. Rb4 Kd8 22. g4 Kc7 23. Rab1 Nc5 24. Bxc5 bxc5 25. Rxb8 Rxb8 26. Rxb8 Kxb8 27. Ng1 Kc7 28. Nf3 h6 29. h4 Kd7 30. Ke2 Kc7 31.
Nd2 Nxd2 32. Bxa6 Ne4 33. c4 d4 34. Bb5 g5 35. fxg5 hxg5 36. h5 f6 37. h6 fxe5 38. h7 1-0

[Event "*** Titled Tuesday 3|2 Blitz"]
[Site "Chess.com"]
[Date "2015.12.01"]
[Round "4"]
[White "oskariot"]
[Black "ntmh281"]
[Result "0-1"]
[WhiteElo "2234"]
[BlackElo "2226"]
[TimeControl "180+2"]
[EndTime "17:49:35 PST"]
[Termination "ntmh281 won by resignation"]

1. e4 e6 2. d4 d5 3. Nd2 c5 4. exd5 exd5 5. Ngf3 Bg4 6. Bb5+ Nd7 7. O-O Nf6 8. Re1+ Be7 9. dxc5 O-O 10. c6 bxc6 11.
Bxc6 Rc8 12. Bb5 Bc5 13. Nb3 Bb6 14. Be3 Ne5 15. Bxb6 Nxf3+ 16. gxf3 Qxb6 17. fxg4 Qxb5 18. c3 Rc4 19. h3 a5 20. Qd2 Ne4 21. Qe2 a4 22. Nd4 Qb8 23. a3 g6 24. f3 Ng5 25.
Kg2 h6 26. Rad1 Rcc8 27. Qf2 Qf4 28. Qg3 Qf6 29. Qe5 Qb6 30. Rd2 Rfe8 31. Qxe8+ Rxe8 32. Rxe8+ Kg7 33. Rde2 Qf6 34. R8e7 h5 35. h4 Ne4 36.
Rd7 Qxh4 37. fxe4 Qxg4+ 38. Kf2 Qxd7 39. e5 h4 40. Re3 Qg4 41. e6 fxe6 42. Nxe6+ Kh6 43.
Rf3 Qxe6 0-1

[Event "*** Titled Tuesday 3|2 Blitz"]
[Site "Chess.com"]
[Date "2015.12.01"]
[Round "4"]
[White "simplerXiao"]
[Black "KnightSeeSix"]
[Result "0-1"]
[WhiteElo "2312"]
[BlackElo "2189"]
[TimeControl "180+2"]
[EndTime "17:49:40 PST"]
[Termination "KnightSeeSix won by checkmate"]

1. Nc3 Nc6 2. e4 e5 3. Bc4 g6 4.
d3 Bg7 5. Be3 Nf6 6. a3 d6 7. h3 a6 8. Nge2 O-O 9. g4 b5 10. Ba2 Rb8 11. Ng3 Nd4 12. O-O c5 13. f4 exf4 14. Bxf4 Be6 15. Bg5 h6 16. Be3 Bxa2 17.
Rxa2 Nd7 18. Nce2 Nxe2+ 19. Qxe2 Qh4 20. Qg2 Rbd8 21. Bf2 Qe7 22. b4 Ne5 23. Raa1 Nc6 24. Rab1 Nd4 25. Be1 Qe5 26. Kh1 Ne6 27. Rd1 Qb2 28.
Rd2 Qxa3 29. bxc5 dxc5 30. Rdf2 c4 31. dxc4 bxc4 32. h4 Qe7 33. Ne2 Qxh4+ 34. Kg1 Qg5 35. Bb4 Rfe8 36. Rxf7 Qe3+ 37. Kh1 Ng5 38. Rb7 Qxe4 39.
Qxe4 Rxe4 40. Nc3 Rxg4 41. Re1 Bf6 42. Rb6 Nf3 43. Rf1 Rd2 44. Rxf3 Rh4+ 45. Kg1 Bd4+ 46. Kf1 Rh1# 0-1

[Event "*** Titled Tuesday 3|2 Blitz"]
[Site "Chess.com"]
[Date "2015.12.01"]
[Round "4"]
[White "AdrianaNikolova"]
[Black "Thomaslegend"]
[Result "1-0"]
[WhiteElo "2184"]
[BlackElo "2105"]
[TimeControl "180+2"]
[EndTime "17:49:46 PST"]
[Termination "AdrianaNikolova won by checkmate"]

1. e4 c5 2. Nf3 d6 3. d4 cxd4 4. Nxd4 Nf6 5. Nc3 a6 6. Bg5 Nbd7 7. Bc4 Qb6 8. Bb3 e6 9. Qd2 Be7 10. O-O-O Nc5 11. f3 Qc7 12. Rhe1 O-O 13. g4 b5 14. Bxf6 Bxf6 15. g5 Be7 16. f4 b4 17. Na4 Bd7 18. Nxc5 Qxc5 19. f5 Rfc8 20. fxe6 fxe6 21. Nxe6 Bxe6 22.
Bxe6+ Kh8 23. Bd5 a5 24. Kb1 a4 25. Bxa8 Rxa8 26. Qd5 Qc8 27. g6 b3 28. cxb3 axb3 29. Rc1 Qa6 30. a3 Bf6 31. Rc6 Qa4 32. Rxd6 hxg6 33.
Re3 Bh4 34. Rh3 g5 35. Rd8+ Rxd8 36. Qxd8+ Kh7 37. Qd3 Qe8 38. e5+ Kh6 39. Qxb3 Qxe5 40. Ka2 Qf5 41. Rf3 Qe5 42. Qb6+ Kh5 43. Qe3 Qd5+ 44.
Qb3 Qe5 45. Qf7+ Kg4 46. h3# 1-0

[Event "*** Titled Tuesday 3|2 Blitz"]
[Site "Chess.com"]
[Date "2015.12.01"]
[Round "4"]
[White "norwaytoadog"]
[Black "JustKid"]
[Result "0-1"]
[WhiteElo "1895"]
[BlackElo "2101"]
[TimeControl "180+2"]
[EndTime "17:49:47 PST"]
[Termination "JustKid won on time"]

1. e4 d6 2. d4 Nf6 3. Nc3 g6 4. Nf3 Bg7 5. h3 O-O 6. Be3 c6 7. a4 Qc7 8. Bc4 Nxe4 9. Nxe4 d5 10. Bd3 dxe4 11. Bxe4 Nd7 12. O-O Nf6 13. Bd3 Nd5 14. Bg5 h6 15. Bh4 Be6 16. c3 Rad8 17. Bg3 Qc8 18.
Re1 Kh7 19. Qc2 Bf6 20. h4 Bg4 21. Ne5 Bxe5 22. Rxe5 Nf6 23. Rae1 e6 24. Bf4 Bf5 25. Bxf5 gxf5 26. f3 Rg8 27. Kh2 Nd5 28. Bc1 Qd7 29. h5 Qe7 30. Kh3 Qf6 31. Qd2 Qg7 32. Qf2 Nf6 33. a5 Nxh5 34. a6 b6 35. Rg1 Nf6 36. g4 fxg4+ 37. fxg4 Nxg4 38. Qc2+ f5 39. Rxe6 Rdf8 40.
Rxh6+ Nxh6 41. Rxg7+ Rxg7 42. Bxh6 Kxh6 0-1

[Event "*** Titled Tuesday 3|2 Blitz"]
[Site "Chess.com"]
[Date "2015.12.01"]
[Round "4"]
[White "chessbia"]
[Black "pKiLz5Rn9b"]
[Result "1-0"]
[WhiteElo "2143"]
[BlackElo "2410"]
[TimeControl "180+2"]
[EndTime "17:49:47 PST"]
[Termination "chessbia won by resignation"]

1. d4 e6 2. c4 Nf6 3. Nc3 Bb4 4. Qc2 d5 5. cxd5 exd5 6. Bg5 h6 7. Bh4 c5 8. dxc5 g5 9. Bg3 Ne4 10. e3 Qa5 11.
Rc1 Bf5 12. Bxb8 Rxb8 13. Bd3 O-O 14. Ne2 Nxc3 15. Nxc3 Bxd3 16. Qxd3 Qxc5 17. O-O Rfd8 18. Rfd1 Rbc8 19. a3 Bxc3 20. Rxc3 Qb6 21. Rxc8 Rxc8 22. Qxd5 Qxb2 23. h4 Qf6 24. hxg5 hxg5 25. Qxb7 Rc2 26. Qa8+ Kg7 27. Qf3 Qe6 28. Qg3 f6 29. Rb1 Qa2 30. Rb7+ Kg6 31. Qh3 Qa1+ 32. Kh2 Qe5+ 33. g3 Rc7 34.
Rxc7 Qxc7 35. Qe6 Qc5 36. Qe4+ Kg7 37. a4 a5 38. Kg2 Qb4 39. Qc6 g4 40. Qb5 Kg6 41.
Qe8+ Kg5 42. Qg8+ Kf5 43. Qd5+ Kg6 44. Qd4 Kf5 45. Qf4+ Qxf4 46. gxf4 Ke4 47. Kg3 f5 48. Kg2 Kd3 49. Kg3 Ke2 50. e4 1-0

[Event "*** Titled Tuesday 3|2 Blitz"]
[Site "Chess.com"]
[Date "2015.12.01"]
[Round "4"]
[White "Boryboy"]
[Black "MisaPap"]
[Result "1-0"]
[WhiteElo "2537"]
[BlackElo "2395"]
[TimeControl "180+2"]
[EndTime "17:49:58 PST"]
[Termination "Boryboy won by resignation"]

1. d4 Nf6 2. Nf3 e6 3. c4 c5 4.
d5 b5 5. Bg5 b4 6. e4 d6 7. Nbd2 Be7 8. Be3 O-O 9. h3 a5 10. Bd3 e5 11. Nf1 Ne8 12. Ng3 g6 13. h4 h5 14. Qd2 a4 15. a3 bxa3 16.
Rxa3 Nf6 17. Bc2 Na6 18. Rxa4 Rb8 19. b3 Ng4 20. Bg5 f6 21. Bh6 Rf7 22. O-O Nb4 23. Bb1 Kh7 24. Be3 Bf8 25. Re1 Bd7 26. Ra3 Be8 27. Nf1 Rfb7 28. N1h2 Nxe3 29. Qxe3 Bh6 30.
Qc3 Bd7 31. Nf1 Qe7 32. Ne3 Bc8 33. g3 Ra7 34. Rxa7 Qxa7 35. Bd3 Ra8 36. Nc2 Nxd3 37. Qxd3 Rb8 38. Ra1 Qb6 39. Rb1 f5 40. Nd2 Bxd2 41.
Qxd2 fxe4 42. Ne3 Qa7 43. Qc2 Bf5 44. Qe2 Kh6 45. Qd2 Qf7 46. Nxf5+ Kh7 47. Nxd6 Qf3 48. Qe3 Qf6 49. Nxe4 Qf5 50. Re1 Ra8 51. Ng5+ Kg8 52. Qxe5 Qf8 53. Qe6+ Kh8 54. Qxg6 1-0

[Event "*** Titled Tuesday 3|2 Blitz"]
[Site "Chess.com"]
[Date "2015.12.01"]
[Round "4"]
[White "cheese111"]
[Black "LoggiaFelixdaMaria"]
[Result "1-0"]
[WhiteElo "2209"]
[BlackElo "2086"]
[TimeControl "180+2"]
[EndTime "17:50:18 PST"]
[Termination "cheese111 won by resignation"]

1. e4 c5 2. Nf3 Nc6 3. Bb5 e6 4. Bxc6 bxc6 5. b3 d6 6. e5 d5 7. d3 a5 8. Nc3 f6 9. O-O Ne7 10. Na4 Ng6 11. Bb2 Be7 12. c4 O-O 13. Qe2 Bd7 14. Rac1 Rc8 15. Rfe1 Qc7 16. Qd2 Qa7 17. Bc3 Ra8 18. Bb2 d4 19. Qe2 f5 20. Ba3 Rfe8 21. Qd2 Nh8 22. Rb1 Nf7 23. Bc1 Kh8 24. Qe2 g5 25.
Nd2 Rg8 26. f3 Rg6 27. Nf1 Rag8 28. Kh1 Be8 29. Bd2 Bf8 30. Red1 Be7 31. Qe1 Bd8 32.
Rdc1 h5 33. Nb2 h4 34. Nd1 Nh6 35. Nf2 f4 36. h3 Nf5 37. a3 Ne3 38. Nh2 R6g7 39.
Nhg4 Bg6 40. Ne4 Bxe4 41. fxe4 Nxg4 42. hxg4 Rh7 43. Qf1 Kg7 44. Qf3 h3 45. gxh3 Rgh8 46. Kg2 Rxh3 47. Qxh3 Rxh3 48. Kxh3 Qc7 49. Kg2 Qxe5 50.
Rh1 Bc7 51. Kf3 Qf6 52. Rh5 Qg6 53. Rbh1 Bd8 54. b4 cxb4 55. axb4 axb4 56. Bxb4 e5 57. Bc5 Bf6 58. Rh8 1-0

[Event "*** Titled Tuesday 3|2 Blitz"]
[Site "Chess.com"]
[Date "2015.12.01"]
[Round "4"]
[White "kungmongmanh"]
[Black "wonderfultime"]
[Result "0-1"]
[WhiteElo "2387"]
[BlackElo "2642"]
[TimeControl "180+2"]
[EndTime "17:50:21 PST"]
[Termination "wonderfultime won by resignation"]

1. d4 d5 2. c4 c6 3. Nf3 Nf6 4. Nc3 dxc4 5. a4 Bf5 6. Ne5 Nbd7 7. Nxc4 Qc7 8. g3 e5 9. dxe5 Nxe5 10. Bf4 Nfd7 11.
Bg2 f6 12. O-O g5 13. Nxe5 gxf4 14. Nxd7 Qxd7 15. Qxd7+ Kxd7 16. gxf4 Bb4 17. Rac1 Rhg8 18. Kh1 Ke7 19. Bf3 Rad8 20. Rfd1 Be6 21. e4 Bb3 22.
Rxd8 Rxd8 23. Rg1 Kf8 24. Rg3 Rd2 25. Kg2 Bc5 26. Rh3 Kg7 27. Ne2 Bc4 28. Nc3 Rxf2+ 29. Kg3 Rxb2 30. Kg4 Be6+ 31. f5 Bf7 32. Ne2 Bd6 33. Kh4 b5 34. axb5 cxb5 35. Nd4 Bxh2 36.
Bh5 Be5 37. Nc6 Bxh5 38. Kxh5 Rh2 39. Rxh2 Bxh2 40. Nxa7 b4 41. Nb5 b3 42. Nc3 b2 43.
Nb1 Be5 44. Nd2 Kf7 45. Nb1 Bf4 46. Kg4 Bc1 47. Kf3 Ke7 48. e5 fxe5 49. Ke4 Kf6 50. Nc3 h5 51. Nd5+ Kf7 52. Nc3 h4 53. Kxe5 h3 0-1

[Event "*** Titled Tuesday 3|2 Blitz"]
[Site "Chess.com"]
[Date "2015.12.01"]
[Round "4"]
[White "AnimationDomination"]
[Black "Penguininja"]
[Result "0-1"]
[WhiteElo "1717"]
[BlackElo "2183"]
[TimeControl "180+2"]
[EndTime "17:50:30 PST"]
[Termination "Penguininja won by resignation"]

1. d4 d5 2. c4 c6 3. Nc3 Nf6 4. Bf4 e6 5. e3 Bd6 6. Bg3 O-O 7. Nf3 dxc4 8. Bxc4 b5 9. Bd3 Bb7 10. Ne4 Bb4+ 11. Nfd2 a6 12. O-O Nbd7 13. Bd6 Bxd6 14. Nxd6 Qc7 15. Nxb7 Qxb7 16. Ne4 Nxe4 17. Bxe4 Nf6 18. Bf3 Rac8 19. Rc1 Qb6 20. Rc5 Nd7 21.
Rc3 Rfd8 22. Qc2 c5 23. dxc5 Rxc5 24. Rd1 Rxc3 25. Qxc3 Nf6 26. Rxd8+ Qxd8 27. h3 h6 28. Qc6 Qa5 29. a3 Qe1+ 30. Kh2 Qxf2 31. b4 Qxe3 32.
Qxa6 Qe5+ 33. Kg1 Qe3+ 34. Kh1 Qe1+ 35. Kh2 Qe5+ 36. Kh1 g6 37. Bc6 Qe1+ 38. Kh2 Qe5+ 39. Kh1 Nh5 40. Qxb5 Ng3+ 41. Kg1 Ne2+ 42. Kf2 Qxb5 43.
Bxb5 Nd4 44. Ba4 Kf8 45. Ke3 e5 46. b5 Ne6 47. b6 Nc5 48. Bc6 Na6 49. Ke4 Nb8 50. Ba8 f6 51. a4 Ke7 52. a5 Kd6 53. Bd5 f5+ 54. Ke3 Kxd5 55. Kd3 Nc6 56. a6 Nb4+ 0-1

[Event "*** Titled Tuesday 3|2 Blitz"]
[Site "Chess.com"]
[Date "2015.12.01"]
[Round "4"]
[White "Cararay"]
[Black "GrigorGrigorov"]
[Result "0-1"]
[WhiteElo "2215"]
[BlackElo "2517"]
[TimeControl "180+2"]
[EndTime "17:50:42 PST"]
[Termination "GrigorGrigorov won by resignation"]

1. c4 Nf6 2. Nc3 e6 3. e4 d5 4. e5 d4 5. exf6 dxc3 6. bxc3 Qxf6 7. d4 e5 8. Nf3 exd4 9. Bg5 Qd6 10. cxd4 Be7 11.
Be3 O-O 12. Be2 Bf6 13. O-O Bg4 14. c5 Qd8 15. h3 Be6 16. Qc2 Nc6 17. Rab1 Bd5 18.
Rfd1 b6 19. cxb6 axb6 20. Ne5 Ne7 21. Bc4 Bxc4 22. Qxc4 Nd5 23. Ng4 Be7 24. Rb5 Nf6 25. Ne5 h6 26. Nc6 Qd7 27. Nxe7+ Qxe7 28. Bf4 Ra7 29. d5 Qe4 30. Qxe4 Nxe4 31. Rc1 Nc5 32. Be3 Nd3 33. Rc2 Rd8 34. Kf1 Ne5 35. Ke2 f6 36.
Bf4 Re8 37. Bxe5 Rxe5+ 38. Kd3 Kf7 39. Kd4 Ke7 40. f4 Re1 41. Rc6 Kd7 42. f5 Rd1+ 43. Ke4 Ra4+ 44. Kf3 Rxa2 45. Re6 Rad2 46. g4 Rxd5 47. Rb3 R1d3+ 48. Rxd3 Rxd3+ 49. Kg2 b5 50. h4 b4 51. Re4 c5 0-1

[Event "*** Titled Tuesday 3|2 Blitz"]
[Site "Chess.com"]
[Date "2015.12.01"]
[Round "4"]
[White "jefferyx"]
[Black "jlandaw"]
[Result "0-1"]
[WhiteElo "2541"]
[BlackElo "2366"]
[TimeControl "180+2"]
[EndTime "17:50:49 PST"]
[Termination "jlandaw won on time"]

1. b4 a5 2. b5 Nf6 3. Bb2 b6 4. e3 Bb7 5. Nf3 d6 6. Rg1 Nbd7 7. g4 h5 8. g5 Ng4 9. g6 fxg6 10. Bd3 Rh6 11. Ng5 e5 12. Rxg4 hxg4 13. Qxg4 Nf6 14.
Qg1 e4 15. Be2 Qe7 16. Nc3 O-O-O 17. O-O-O d5 18. Kb1 Kb8 19. Qg3 d4 20. exd4 Rxd4 21. Qe3 Qd7 22. Ka1 Bc5 23. Qf4 Bd6 24. Qe3 Be5 25.
f4 exf3 26. Nxf3 Ng4 27. Nxe5 Nxe3 28. Nxd7+ Rxd7 29. dxe3 Rxd1+ 30. Bxd1 Rxh2 31. Kb1 g5 32. Kc1 Rf2 33. Ne2 Bf3 34. Ng3 Bxd1 35. Kxd1 Rf3 36. Ne2 Rxe3 37. Bxg7 g4 38. Bd4 Rf3 39. Be5 Kc8 40.
Kd2 Kd7 41. Nd4 Ra3 42. Nc6 g3 43. Ke2 Rxa2 44. Bxg3 Rxc2+ 45. Kd3 Rc5 46. Nd4 a4 47. Be1 a3 48. Nb3 Rxb5 49. Kc4 Rh5 50. Kb4 a2 51.
Ka3 Rh2 52. Bc3 c6 0-1